[Event "Titled Tuesday Blitz January 31 Late 2023"]
[White "Acosta Cruz, Oscar Yosimar"]
[Black "Can, Melih Kaan"]
[WhiteFideId "5111269"]
[BlackFideId "6317383"]
[WhiteElo "2098"]
[BlackElo "2069"]
[Result "0-1"]
[Round "05"]
[TimeControl "180+2"]
[Date "2023.01.31"]
[WhiteClock "0:00:03"]
[BlackClock "0:00:05"]

1. e4 c5 2. Nf3 Nc6 3. c3 d5 4. exd5 Qxd5 5. d4 e6 6. Na3 Nf6 7. Be2 cxd4 8. Nb5 Qd8 9. Nbxd4 Be7 10. Nxc6 bxc6 11. O-O Qc7 12. Qa4 O-O 13. Rd1 Bb7 14. Bf4 Qb6 15. Ne5 Rfd8 16. Nc4 Qb5 17. Qc2 Ba6 18. a4 Qf5 19. Qxf5 exf5 20. Re1 Nd5 21. Bc1 Bf6 22. g3 Nxc3 23. bxc3 Bxc3 24. Bg5 f6 25. Be3 Bxa1 26. Rxa1 Rd7 27. Rc1 Rb8 28. Bf3 Rb4 29. Bxc6 Rc7 30. Ne5 Kh8 31. Nf3 Bb7 32. Bxb7 Rxc1+ 33. Bxc1 Rxb7 34. Be3 Rb1+ 35. Kg2 Ra1 36. Bxa7 Rxa4 37. Be3 g6 38. h4 Kg7 39. Bd4 h5 40. Bc3 Ra2 41. Nd4 Kf7 42. Kf3 Ra3 43. Ne2 Ke6 44. Ke3 g5 45. hxg5 fxg5 46. Kd3 h4 47. gxh4 gxh4 48. Nf4+ Kf7 49. Kd2 Ra2+ 50. Ke3 Kg8 51. Bf6 h3 52. Nxh3 Ra3+ 53. Kf4 Rxh3 54. Kxf5 Rf3+ 55. Ke4 Rxf2 56. Bd4 Ra2 57. Kf3 Kf7 58. Bf2 Ke6 59. Kg2 Kf5 60. Kh1 Rxf2 0-1


[Site "https://www.chess.com"]

[Event "Titled Tuesday Blitz January 31 Late 2023"]
[White "Do Valle Cardoso, Lucas"]
[Black "ritanovikova"]
[WhiteFideId "2163144"]
[WhiteElo "2250"]
[BlackElo "2217"]
[Result "1-0"]
[Round "05"]
[TimeControl "180+2"]
[Date "2023.01.31"]
[WhiteClock "0:01:39"]
[BlackClock "0:00:28"]

1. e4 d5 2. exd5 Qxd5 3. Nc3 Qd6 4. d4 Nf6 5. Nf3 c6 6. Bc4 Bf5 7. Ne5 e6 8. Bf4 Qb4 9. Bb3 Nbd7 10. a3 Qb6 11. Nc4 Qd8 12. Qe2 Nb6 13. Na5 Qd7 14. O-O-O O-O-O 15. h3 h5 16. f3 h4 17. Ne4 Nfd5 18. Bh2 Bxe4 19. fxe4 Nf6 20. c4 Nh5 21. c5 Na8 22. d5 cxd5 23. c6 Qe7 24. cxb7+ Kd7 25. Qb5# 1-0


[Site "https://www.chess.com"]

[Event "Titled Tuesday Blitz January 31 Late 2023"]
[White "Baches Garcia, Guillermo"]
[Black "Real_OceanStorm"]
[WhiteFideId "2209764"]
[WhiteElo "2327"]
[BlackElo "2671"]
[Result "0-1"]
[Round "05"]
[TimeControl "180+2"]
[Date "2023.01.31"]
[WhiteClock "0:00:01"]
[BlackClock "0:00:12"]

1. e4 e5 2. Nf3 Nc6 3. Nc3 Nf6 4. d4 Bb4 5. Nxe5 Qe7 6. Qd3 Nxe5 7. dxe5 Qxe5 8. Bd2 O-O 9. O-O-O Bxc3 10. Bxc3 Qxe4 11. Qg3 Nh5 12. Qxc7 Qf4+ 13. Qxf4 Nxf4 14. g3 Ne6 15. Bg2 a5 16. Rd6 Re8 17. Re1 a4 18. f4 a3 19. b3 Nc7 20. Rxe8+ Nxe8 21. Rb6 Nf6 22. Bb4 d5 23. h3 h5 24. Bc3 Ne4 25. Bxe4 dxe4 26. h4 e3 27. Bd4 e2 28. Kd2 Bg4 29. Rxb7 Re8 30. Bf2 e1=Q+ 31. Bxe1 Re2+ 32. Kd1 Re7+ 0-1


[Site "https://www.chess.com"]

[Event "Titled Tuesday Blitz January 31 Late 2023"]
[White "Chan, Luis"]
[Black "Pein, Jonathan"]
[WhiteFideId "3216357"]
[BlackFideId "417092"]
[WhiteElo "2208"]
[BlackElo "2265"]
[Result "0-1"]
[Round "05"]
[TimeControl "180+2"]
[Date "2023.01.31"]
[WhiteClock "0:00:07"]
[BlackClock "0:00:19"]

1. b3 e5 2. Bb2 Nc6 3. e3 d5 4. Bb5 Bd6 5. f4 Qh4+ 6. g3 Qe7 7. Nf3 Bg4 8. fxe5 Bxe5 9. Bxe5 Bxf3 10. Qxf3 Qxe5 11. O-O Nf6 12. Nc3 O-O 13. Bxc6 bxc6 14. Qf4 Rfe8 15. Qxe5 Rxe5 16. Rf4 Ne4 17. d4 Nxc3 18. dxe5 Ne2+ 19. Kf2 Nxf4 20. gxf4 Kf8 21. Rc1 Rd8 22. Ke2 c5 23. c4 d4 24. Rd1 a5 25. Kf3 Ke7 26. Ke4 dxe3 27. Rg1 e2 28. Re1 Rd2 29. Ke3 Rxa2 30. Rxe2 Ra3 31. Ke4 Rxb3 32. Kd5 a4 33. Kxc5 a3 34. Kc6 Rb2 35. Re3 a2 36. Ra3 Rxh2 37. c5 Rc2 38. Kd5 h5 39. Ra7 Kd7 40. c6+ Rxc6 41. Rxa2 Rh6 42. Ke4 h4 43. Rh2 h3 44. Kf5 c5 45. Ke4 Kc6 46. f5 Rh4+ 47. Kd3 Kd5 48. f6 g6 0-1


[Site "https://www.chess.com"]

[Event "Titled Tuesday Blitz January 31 Late 2023"]
[White "Fiorito, Joaquin"]
[Black "Villarreal, Agustin"]
[WhiteFideId "180173"]
[BlackFideId "125687"]
[WhiteElo "2405"]
[BlackElo "2299"]
[Result "1-0"]
[Round "05"]
[TimeControl "180+2"]
[Date "2023.01.31"]
[WhiteClock "0:00:12"]
[BlackClock "0:00:13"]

1. d4 d5 2. Nc3 Nf6 3. Bf4 c6 4. e3 e6 5. Nf3 Bd6 6. Ne5 Qe7 7. Bd3 Nbd7 8. Qf3 O-O 9. g4 Ne8 10. O-O-O f6 11. Nxd7 Bxd7 12. Bxd6 Nxd6 13. e4 f5 14. exd5 exd5 15. gxf5 Bxf5 16. Qg3 Bxd3 17. Rxd3 Ne4 18. Nxe4 Qxe4 19. Rhd1 Qf4+ 20. Kb1 Qxf2 21. Qg4 Qf5 22. Qg3 Qf4 23. Qg2 Rae8 24. a3 Qf2 25. Qg4 Re1 26. Rxe1 Qxe1+ 27. Ka2 Qe7 28. h4 a5 29. Rg3 h6 30. h5 Rf6 31. Qc8+ Kh7 32. Qa8 Qc7 33. Re3 Qf7 34. Re8 Qxh5 35. Rh8+ Kg6 36. Qxb7 Qg5 37. Qc7 h5 38. Qxa5 Rf7 39. Qe1 Qf5 40. Qg1+ Kf6 41. Qd1 g6 42. a4 Ra7 43. b3 Re7 44. Qd2 Re4 45. Rf8+ Ke6 46. Rxf5 Kxf5 47. a5 h4 48. a6 g5 49. a7 Re8 50. Qa5 Ra8 51. Qc7 h3 52. Qb8 Rxa7+ 53. Qxa7 h2 54. Qh7+ Kf4 55. Qxh2+ Kf3 56. Kb2 g4 57. Kc3 g3 58. Qh5+ Kf2 59. Qf5+ 1-0


[Site "https://www.chess.com"]

[Event "Titled Tuesday Blitz January 31 Late 2023"]
[White "Skvortsov, Andrei"]
[Black "Papp, Petra"]
[WhiteFideId "24108600"]
[BlackFideId "739049"]
[WhiteElo "2313"]
[BlackElo "2343"]
[Result "0-1"]
[Round "05"]
[TimeControl "180+2"]
[Date "2023.01.31"]
[WhiteClock "0:00:15"]
[BlackClock "0:00:03"]

1. d4 d5 2. c4 c6 3. Nf3 Nf6 4. e3 e6 5. Nc3 Nbd7 6. Be2 dxc4 7. Bxc4 b5 8. Bd3 Bb7 9. O-O Bd6 10. e4 e5 11. Bg5 O-O 12. a3 a5 13. Be2 Qe7 14. Nh4 g6 15. d5 b4 16. dxc6 Bxc6 17. axb4 axb4 18. Rxa8 Rxa8 19. Nd5 Bxd5 20. exd5 e4 21. Qd4 Be5 22. Qd2 Qd6 23. h3 Qxd5 24. Qxb4 Rb8 25. Qc4 Qxc4 26. Bxc4 Rxb2 27. Be3 Kg7 28. g4 h6 29. Ng2 Nh7 30. Rd1 Ndf6 31. Bd4 Bxd4 32. Rxd4 Ng5 33. Kf1 Nf3 34. Rd6 Nd2+ 35. Rxd2 Rxd2 36. Ne3 Nd7 37. Bd5 Ne5 38. Bxe4 Rb2 39. Kg2 f6 40. Kg3 Nf7 41. Bd5 Nd6 42. h4 f5 43. h5 gxh5 44. gxf5 Kf6 45. Be6 Ne4+ 46. Kf4 Nxf2 47. Nd5+ Kg7 48. f6+ Kf8 49. Kf3 Nd3 50. Nf4 Rf2+ 51. Ke3 Nxf4 52. Bc8 Rf1 53. Ba6 Ra1 54. Bc4 Ng6 55. Ke4 h4 56. Kf5 Nh8 57. Bd5 Nf7 58. Kg4 Ra5 59. Kh3 Rxd5 60. Kxh4 Rd6 0-1


[Site "https://www.chess.com"]

[Event "Titled Tuesday Blitz January 31 Late 2023"]
[White "Filgueira, Hernan"]
[Black "Melikhov, Evgeny V."]
[WhiteFideId "101770"]
[BlackFideId "4122046"]
[WhiteElo "2283"]
[BlackElo "2269"]
[Result "1-0"]
[Round "05"]
[TimeControl "180+2"]
[Date "2023.01.31"]
[WhiteClock "0:00:50"]
[BlackClock "0:00:03"]

1. b3 e5 2. Bb2 Nc6 3. e3 a6 4. c4 d5 5. cxd5 Qxd5 6. Nc3 Qd8 7. a3 Nf6 8. d3 Bd6 9. Nf3 Be6 10. Be2 Qd7 11. O-O O-O-O 12. b4 Rhg8 13. b5 axb5 14. Nxb5 g5 15. Qa4 Kb8 16. Nxe5 Bxe5 17. Bxe5 Nd5 18. Bg3 f5 19. f4 gxf4 20. Bxf4 Nxf4 21. Rxf4 Bd5 22. e4 fxe4 23. dxe4 Be6 24. Raf1 Qd2 25. R4f2 Qe3 26. Kh1 Rd2 27. Rf8+ Rxf8 28. Rxf8+ Bc8 29. Bf1 Qe1 30. Qc4 Rf2 31. Rxf2 Qxf2 32. Qe2 Qf4 33. g3 Qe5 34. Kg1 Bd7 35. Qe3 1-0


[Site "https://www.chess.com"]

[Event "Titled Tuesday Blitz January 31 Late 2023"]
[White "Hirneise, Jens"]
[Black "Figorito, Nick"]
[WhiteFideId "24614734"]
[BlackFideId "30923689"]
[WhiteElo "2277"]
[BlackElo "2036"]
[Result "1-0"]
[Round "05"]
[TimeControl "180+2"]
[Date "2023.01.31"]
[WhiteClock "0:01:03"]
[BlackClock "0:00:10"]

1. Nc3 c6 2. Nf3 Nf6 3. e4 d5 4. exd5 cxd5 5. Bb5+ Nc6 6. O-O e6 7. d4 Bd6 8. Bg5 h6 9. Bh4 Bd7 10. Bg3 Bxg3 11. hxg3 Qb6 12. Bxc6 bxc6 13. Na4 Qc7 14. Nd2 h5 15. Re1 h4 16. g4 h3 17. g3 Qa5 18. c3 Nxg4 19. Qxg4 Qxa4 20. Nb3 O-O-O 21. Kh2 g6 22. Qf4 Rdf8 23. Nc5 Qc2 24. b4 Qf5 25. Qe3 g5 26. a4 g4 27. b5 Qf3 28. Qxf3 gxf3 29. Re3 cxb5 30. axb5 Bxb5 31. Rxa7 Be2 32. c4 Kb8 33. Rea3 Bxc4 34. Rb7+ Kc8 35. Ra8# 1-0


[Site "https://www.chess.com"]

[Event "Titled Tuesday Blitz January 31 Late 2023"]
[White "Omelja, Artem"]
[Black "Dzida, Kamil"]
[WhiteFideId "14119846"]
[BlackFideId "21828652"]
[WhiteElo "2446"]
[BlackElo "2352"]
[Result "1/2-1/2"]
[Round "05"]
[TimeControl "180+2"]
[Date "2023.01.31"]
[WhiteClock "0:00:04"]
[BlackClock "0:00:18"]

1. e4 e5 2. Nf3 Nc6 3. Bc4 Nf6 4. Nc3 Nxe4 5. Nxe4 d5 6. Bd3 dxe4 7. Bxe4 Bd6 8. O-O O-O 9. Re1 Re8 10. Bd5 Bg4 11. d3 Qd7 12. Be3 h6 13. c3 Rad8 14. Qa4 Bxf3 15. Bxf3 Nd4 16. Qd1 Nxf3+ 17. Qxf3 b6 18. Rad1 f5 19. Bc1 c6 20. b4 Bc7 21. g3 Kh7 22. Bb2 g6 23. c4 Re6 24. a4 a6 25. Re3 e4 26. Qe2 b5 27. cxb5 cxb5 28. axb5 axb5 29. Kg2 Bb6 30. d4 Rd6 31. f3 Bxd4 32. Bxd4 Rxd4 33. Rxd4 Qxd4 34. fxe4 Qxb4 35. exf5 Rd2 36. Re7+ Kg8 37. Re8+ Kg7 38. Re7+ Kf6 39. Re6+ Kxf5 40. Re5+ Kf6 41. Re6+ Kf7 42. Re7+ Qxe7 43. Qxd2 Qe4+ 44. Kh3 Qf5+ 45. Kg2 h5 46. Qa2+ Ke7 47. Qa7+ Kd6 48. Qb6+ Ke7 49. Qc7+ Kf6 50. Qd8+ Kg7 51. Qe7+ Kh6 52. Qe3+ g5 53. Qb6+ Kg7 54. Qc7+ Kf6 55. Qd6+ Qe6 56. Qf8+ Ke5 57. Qb8+ Kf6 58. Qxb5 Qe4+ 59. Kf2 Qf5+ 60. Qxf5+ Kxf5 61. Kf3 Ke5 62. Ke3 Kf5 63. Kf3 Ke5 64. Ke3 Kd5 65. Kf3 Ke5 1/2-1/2


[Site "https://www.chess.com"]

[Event "Titled Tuesday Blitz January 31 Late 2023"]
[White "Roux, Baptiste"]
[Black "Kaganskiy, Gleb"]
[WhiteFideId "36017450"]
[BlackFideId "4132025"]
[WhiteElo "2300"]
[BlackElo "2205"]
[Result "0-1"]
[Round "05"]
[TimeControl "180+2"]
[Date "2023.01.31"]
[WhiteClock "0:00:05"]
[BlackClock "0:00:41"]

1. e4 c5 2. Nf3 d6 3. Bb5+ Bd7 4. a4 Nf6 5. Nc3 a6 6. Bxd7+ Qxd7 7. d3 g6 8. O-O Bg7 9. Re1 O-O 10. e5 Ng4 11. exd6 exd6 12. Nd5 Qd8 13. Bg5 f6 14. Bf4 Nc6 15. h3 Nge5 16. Bxe5 dxe5 17. c4 Nb4 18. Nxb4 cxb4 19. d4 exd4 20. Qxd4 Qxd4 21. Nxd4 f5 22. Ne6 Bxb2 23. Rab1 Bc3 24. Red1 Rf6 25. Nc7 Rc8 26. Rd7 Rf7 27. Rxf7 Kxf7 28. Nd5 Rxc4 29. Nxc3 bxc3 30. Rxb7+ Kg8 31. Rb1 c2 32. Rc1 Kf7 33. Kf1 Ke6 34. Ke2 Kd5 35. Kd2 Kc5 36. g4 Kb4 37. a5 Kb3 38. gxf5 gxf5 39. Kd3 Kb2 40. Re1 c1=Q 0-1


[Site "https://www.chess.com"]

[Event "Titled Tuesday Blitz January 31 Late 2023"]
[White "CheckBits"]
[Black "Foerster-Yialamas, Lucas"]
[BlackFideId "30901774"]
[WhiteElo "2478"]
[BlackElo "2151"]
[Result "0-1"]
[Round "05"]
[TimeControl "180+2"]
[Date "2023.01.31"]
[WhiteClock "0:00:01"]
[BlackClock "0:00:04"]

1. e4 e6 2. d4 b6 3. Nf3 Bb7 4. Bd3 Nf6 5. Nbd2 c5 6. c3 d5 7. e5 Nfd7 8. O-O Nc6 9. a3 Be7 10. b4 a6 11. Re1 c4 12. Bc2 b5 13. a4 Qb6 14. axb5 axb5 15. Rxa8+ Bxa8 16. Nf1 h6 17. Ng3 Kd8 18. Nh5 g6 19. Nf4 g5 20. Nh5 g4 21. Nd2 Nxb4 22. cxb4 Qxd4 23. Ba3 Nxe5 24. Qe2 Nd3 25. Bxd3 cxd3 26. Qe3 Qxe3 27. Rxe3 d4 28. Rxd3 e5 29. f3 gxf3 30. gxf3 Rg8+ 31. Kf2 Bh4+ 32. Ng3 f5 33. f4 Be4 34. Nxe4 fxe4 35. Rd1 exf4 36. Rxd4+ Kc7 37. Rxe4 fxg3+ 38. hxg3 Bxg3+ 39. Ke2 Bd6 40. Bc1 h5 41. Bd2 Rg4 0-1


[Site "https://www.chess.com"]

[Event "Titled Tuesday Blitz January 31 Late 2023"]
[White "Gerbelli Neto, Eduardo"]
[Black "Ehlvest, Jaan"]
[WhiteFideId "2103281"]
[BlackFideId "4500016"]
[WhiteElo "2114"]
[BlackElo "2530"]
[Result "0-1"]
[Round "05"]
[TimeControl "180+2"]
[Date "2023.01.31"]
[WhiteClock "0:00:03"]
[BlackClock "0:00:48"]

1. e4 c5 2. Nc3 Nc6 3. f4 g6 4. Nf3 Bg7 5. Bc4 e6 6. f5 Nge7 7. fxe6 dxe6 8. d3 O-O 9. O-O Na5 10. Qe1 Nxc4 11. dxc4 Nc6 12. Bg5 f6 13. Be3 Nd4 14. Qf2 e5 15. Nd5 b6 16. c3 Nxf3+ 17. Qxf3 Be6 18. Rad1 Kh8 19. b3 Qc8 20. h3 Rf7 21. Qg3 f5 22. exf5 gxf5 23. Bg5 Qf8 24. Qh4 Re8 25. Be3 f4 26. Bc1 Bf5 27. Rde1 Bd3 28. Rf3 Bg6 29. Rf2 Rf5 30. Rfe2 Rh5 31. Qf2 Rd8 32. Rd1 Rf5 33. Red2 Bh5 34. Re1 Rd7 0-1


[Site "https://www.chess.com"]

[Event "Titled Tuesday Blitz January 31 Late 2023"]
[White "Smith, Garrett L"]
[Black "Hernandez Sanchez, Elvis De La Caridad"]
[WhiteFideId "2024829"]
[BlackFideId "6400353"]
[WhiteElo "2047"]
[BlackElo "2243"]
[Result "0-1"]
[Round "05"]
[TimeControl "180+2"]
[Date "2023.01.31"]
[WhiteClock "0:00:22"]
[BlackClock "0:00:43"]

1. e4 c5 2. a3 d5 3. exd5 Nf6 4. Bb5+ Nbd7 5. c4 a6 6. Ba4 b5 7. cxb5 Nb6 8. Nf3 Nfxd5 9. bxa6+ Nxa4 10. Qxa4+ Bd7 11. Qc4 e6 12. Nc3 Nb6 13. Qe2 c4 14. d3 cxd3 15. Qxd3 Be7 16. O-O O-O 17. Ne5 Bc8 18. Qxd8 Bxd8 19. Rd1 Bxa6 20. Be3 Bc7 21. Nd7 Nxd7 22. Rxd7 Be5 23. Rc1 Rfb8 24. Rd2 h5 25. h3 Rb3 26. Bc5 Rc8 27. Ne4 Rxb2 28. Rxb2 Bxb2 29. Rb1 Be5 30. Rb6 Bd3 31. Bd6 Rc1# 0-1


[Site "https://www.chess.com"]

[Event "Titled Tuesday Blitz January 31 Late 2023"]
[White "Kaplan, Avi Harrison"]
[Black "Szyszylo, Rafal"]
[WhiteFideId "30934559"]
[BlackFideId "1109626"]
[WhiteElo "2146"]
[BlackElo "2091"]
[Result "1-0"]
[Round "05"]
[TimeControl "180+2"]
[Date "2023.01.31"]
[WhiteClock "0:01:25"]
[BlackClock "0:00:09"]

1. e4 d6 2. d4 g6 3. c4 Nf6 4. Nc3 Bg7 5. Nge2 O-O 6. f3 e5 7. Be3 c6 8. Qd2 Nbd7 9. O-O-O a6 10. g4 Qa5 11. h4 exd4 12. Nxd4 Ne5 13. h5 b5 14. Bh6 Nxf3 15. Nxf3 Bxh6 16. Qxh6 Nxg4 17. Qd2 Be6 18. hxg6 fxg6 19. Qxd6 Rae8 20. Ng5 b4 21. Nxe6 bxc3 22. Qd7 cxb2+ 23. Kb1 Nf6 24. Qg7# 1-0


[Site "https://www.chess.com"]

[Event "Titled Tuesday Blitz January 31 Late 2023"]
[White "SilverCityIndigo"]
[Black "Good, Daniel"]
[BlackFideId "1302388"]
[WhiteElo "2443"]
[BlackElo "2141"]
[Result "1-0"]
[Round "05"]
[TimeControl "180+2"]
[Date "2023.01.31"]
[WhiteClock "0:00:18"]
[BlackClock "0:00:03"]

1. a3 e5 2. c3 d5 3. d4 Nc6 4. dxe5 Nxe5 5. Nf3 Nxf3+ 6. exf3 c6 7. Bd3 Bd6 8. O-O Qc7 9. g3 Be6 10. Re1 O-O-O 11. Nd2 h5 12. Nf1 h4 13. f4 Bh3 14. Qc2 Kb8 15. Be3 g5 16. fxg5 Ne7 17. Qd2 hxg3 18. fxg3 Nf5 19. Bxf5 Bxf5 20. Bf4 Ka8 21. a4 Rdg8 22. Bxd6 Qxd6 23. Qf4 Qxf4 24. gxf4 Rh4 25. Ng3 Rxf4 26. Re5 Be6 27. a5 Rg4 28. a6 b6 29. Rf1 Kb8 30. Rf6 R4xg5 31. Rxg5 Rxg5 32. Kf2 Rg4 33. Ke3 Ra4 34. Rh6 Rxa6 35. h4 Ra2 36. h5 Rxb2 37. Rh8+ Kc7 38. h6 Rh2 39. Kf4 a5 40. Kg5 a4 41. Nh5 a3 42. Ra8 1-0


[Site "https://www.chess.com"]

[Event "Titled Tuesday Blitz January 31 Late 2023"]
[White "Haszon, David"]
[Black "Tanenbaum, Zachary"]
[WhiteFideId "733610"]
[BlackFideId "2060850"]
[WhiteElo "2264"]
[BlackElo "2261"]
[Result "0-1"]
[Round "05"]
[TimeControl "180+2"]
[Date "2023.01.31"]
[WhiteClock "0:00:02"]
[BlackClock "0:00:21"]

1. d4 d5 2. Bf4 Nf6 3. e3 c5 4. Nd2 Nc6 5. Ngf3 Nh5 6. Bg5 h6 7. Bh4 g5 8. Ne5 Nxe5 9. Qxh5 Bg4 10. dxe5 Bxh5 11. Bb5+ Qd7 12. Bxd7+ Kxd7 13. Bg3 Bg6 14. c4 e6 15. h4 Bg7 16. Rc1 Rac8 17. Ke2 Rhd8 18. Rhd1 Ke7 19. Nb3 dxc4 20. Rxd8 Rxd8 21. Na5 Be4 22. f3 Bd3+ 23. Ke1 Rd5 24. hxg5 hxg5 25. f4 b5 26. Nc6+ Kd7 27. Nxa7 b4 28. Bf2 Bh6 29. g3 g4 30. e4 Bxe4 31. Rxc4 Bf3 32. Rc1 c4 33. Be3 Rxe5 34. Kf2 Re4 35. Nb5 e5 36. Rh1 exf4 37. gxf4 Bxf4 38. Bxf4 Rxf4 39. Rh8 Bc6+ 40. Kg3 Re4 41. Na7 f5 42. Rh7+ Kd6 43. Rh6+ Kd5 44. Nxc6 c3 45. bxc3 bxc3 46. a3 c2 47. Nb4+ Rxb4 48. axb4 c1=Q 0-1


[Site "https://www.chess.com"]

[Event "Titled Tuesday Blitz January 31 Late 2023"]
[White "Oro, Faustino"]
[Black "Tinmaz, Kerem"]
[WhiteFideId "20000197"]
[BlackFideId "44559151"]
[WhiteElo "2269"]
[BlackElo "2177"]
[Result "1-0"]
[Round "05"]
[TimeControl "180+2"]
[Date "2023.01.31"]
[WhiteClock "0:02:00"]
[BlackClock "0:00:01"]

1. e4 c6 2. Nf3 d5 3. Nc3 Bg4 4. h3 Bxf3 5. Qxf3 e6 6. d3 Nf6 7. g3 Be7 8. Bg2 O-O 9. O-O Qc7 10. Qe2 d4 11. Nd1 c5 12. f4 Nc6 13. g4 b5 14. g5 Nd7 15. h4 c4 16. h5 g6 17. hxg6 hxg6 18. Nf2 cxd3 19. cxd3 Nb4 20. Bd2 Kg7 21. a3 Na6 22. Ng4 Rh8 23. f5 Bd6 24. Nh6 Bh2+ 25. Kh1 Ne5 26. fxe6 fxe6 27. Rac1 Qd6 28. Qf2 Raf8 29. Qh4 Nf7 30. Qxh2 Qxh2+ 31. Kxh2 1-0


[Site "https://www.chess.com"]

[Event "Titled Tuesday Blitz January 31 Late 2023"]
[White "Rocks, Daniel"]
[Black "Golubka, Petro"]
[WhiteFideId "2402408"]
[BlackFideId "14114224"]
[WhiteElo "2008"]
[BlackElo "2371"]
[Result "0-1"]
[Round "05"]
[TimeControl "180+2"]
[Date "2023.01.31"]
[WhiteClock "0:00:33"]
[BlackClock "0:00:51"]

1. e4 e6 2. d4 d5 3. Nd2 dxe4 4. Nxe4 Bd7 5. Nf3 Bc6 6. Bd3 Nd7 7. O-O Ngf6 8. Nxf6+ Nxf6 9. b3 Be7 10. Bb2 O-O 11. c4 a5 12. Ne5 Be8 13. f4 c5 14. Be2 a4 15. Bf3 Qc7 16. Qe2 Rd8 17. Rad1 cxd4 18. Bxd4 Rxd4 19. Rxd4 Bc5 20. Qf2 Qb6 21. Rfd1 axb3 22. axb3 Qxb3 23. Kf1 Ba4 24. R1d2 Qb1+ 25. Ke2 h5 26. Nd3 Bxd4 27. Qxd4 Bc6 28. Bxc6 bxc6 29. Ne5 Qh1 30. Nxc6 Qxg2+ 0-1


[Site "https://www.chess.com"]

[Event "Titled Tuesday Blitz January 31 Late 2023"]
[White "Hoffmann, Asa"]
[Black "Machidon, Cristi"]
[WhiteFideId "2001470"]
[BlackFideId "13904590"]
[WhiteElo "2185"]
[BlackElo "2301"]
[Result "0-1"]
[Round "05"]
[TimeControl "180+2"]
[Date "2023.01.31"]
[WhiteClock "0:00:02"]
[BlackClock "0:00:11"]

1. d4 d5 2. Bg5 h6 3. Bh4 c5 4. c3 g5 5. Bg3 Bg7 6. e3 Nc6 7. Bd3 Qb6 8. b3 e5 9. dxc5 Qxc5 10. Ne2 Be6 11. Nd2 e4 12. Bc2 Bxc3 13. Nxc3 Qxc3 14. Rc1 Qb4 15. O-O Nge7 16. f3 O-O-O 17. Qe2 f5 18. Rfd1 Rd7 19. fxe4 dxe4 20. Nf1 Rhd8 21. Qh5 Rxd1 22. Rxd1 f4 23. Qxh6 Bf5 24. Rxd8+ Kxd8 25. exf4 Qc5+ 26. Kh1 Qxc2 27. fxg5 Qc1 28. Qd6+ Ke8 29. Kg1 e3 30. Qf4 Bd3 31. g6 Nxg6 32. Qxe3+ Qxe3+ 33. Nxe3 Nb4 34. a3 Nc2 35. Nxc2 Bxc2 36. b4 Kd7 37. Bf2 b6 38. h4 Kc6 39. g4 Ne5 40. g5 Bg6 0-1


[Site "https://www.chess.com"]

[Event "Titled Tuesday Blitz January 31 Late 2023"]
[White "Rian, Kapriaga"]
[Black "Toncheva, Nadya"]
[WhiteFideId "7103263"]
[BlackFideId "2924056"]
[WhiteElo "2089"]
[BlackElo "2295"]
[Result "1-0"]
[Round "05"]
[TimeControl "180+2"]
[Date "2023.01.31"]
[WhiteClock "0:00:43"]
[BlackClock "0:00:22"]

1. d4 d5 2. Nf3 Nf6 3. Bf4 c5 4. e3 Nc6 5. Nbd2 Qb6 6. dxc5 Qxb2 7. Rb1 Qc3 8. Bb5 g6 9. O-O Bg7 10. Be5 Qa5 11. c4 dxc4 12. Nxc4 Qd8 13. Qa4 O-O 14. Rfd1 Qe8 15. Na5 Bf5 16. Nxb7 Bxb1 17. Bxc6 Qc8 18. Rxb1 Qf5 19. e4 Qe6 20. Na5 Rfd8 21. Bxa8 Rxa8 22. c6 h5 23. c7 Kh7 24. Ng5+ 1-0


[Site "https://www.chess.com"]

[Event "Titled Tuesday Blitz January 31 Late 2023"]
[White "Womacka, Mathias"]
[Black "Todev, Simeon"]
[WhiteFideId "4611390"]
[BlackFideId "2925133"]
[WhiteElo "2396"]
[BlackElo "2033"]
[Result "1-0"]
[Round "05"]
[TimeControl "180+2"]
[Date "2023.01.31"]
[WhiteClock "0:00:11"]
[BlackClock "0:00:06"]

1. e4 c5 2. Nf3 d6 3. d4 cxd4 4. Nxd4 Nf6 5. Nc3 a6 6. Be2 e5 7. Nb3 Be6 8. f4 Nbd7 9. f5 Bxb3 10. axb3 Nc5 11. Bf3 Be7 12. O-O O-O 13. g4 d5 14. Nxd5 Ncxe4 15. Nxe7+ Qxe7 16. g5 Nd6 17. gxf6 Qxf6 18. Bd5 Nxf5 19. Qf3 Qb6+ 20. Kh1 Nd4 21. Qg2 Rad8 22. Be3 Qc5 23. Bxb7 Qxc2 24. Bxd4 Qxg2+ 25. Kxg2 Rxd4 26. Bxa6 Rg4+ 27. Kf3 Rh4 28. Kg3 Re4 29. Bc4 Re3+ 30. Kg2 g6 31. Ra7 Kg7 32. Raxf7+ Rxf7 33. Rxf7+ Kh6 34. Re7 Re4 35. Kf3 Rh4 36. Kg3 Re4 37. Bg8 Re2 38. Rxh7+ Kg5 39. Re7 e4 40. Bc4 Re3+ 41. Kf2 Rf3+ 42. Ke2 Rh3 43. Rxe4 Rxh2+ 44. Kd3 Rxb2 45. Kd4 Kf5 46. Re8 Rd2+ 47. Kc5 g5 48. b4 g4 49. Rg8 Rg2 50. b5 g3 51. b6 Kf4 52. b7 Rb2 53. b8=Q+ Rxb8 54. Rxb8 Kf3 55. Rg8 Kf2 56. Bd5 g2 57. Rxg2+ Ke3 58. Rg4 Kf2 59. Kd4 Ke2 60. Rg2+ Kf1 61. Ke3 Ke1 62. Rg1# 1-0


[Site "https://www.chess.com"]

[Event "Titled Tuesday Blitz January 31 Late 2023"]
[White "Pino Perez, Lazaro"]
[Black "TheKnightOfBosnia"]
[WhiteFideId "3517055"]
[WhiteElo "2142"]
[BlackElo "2502"]
[Result "0-1"]
[Round "05"]
[TimeControl "180+2"]
[Date "2023.01.31"]
[WhiteClock "0:00:02"]
[BlackClock "0:00:28"]

1. d4 Nf6 2. Bf4 c5 3. d5 g6 4. Nc3 Bg7 5. e4 d6 6. Be2 O-O 7. Nf3 a6 8. a4 b6 9. O-O Bb7 10. Nd2 Nbd7 11. Nc4 Rb8 12. f3 Nh5 13. Be3 Ne5 14. Nxe5 dxe5 15. Bc4 Nf4 16. g3 Nh5 17. Qe2 Nf6 18. Bxa6 Ne8 19. Bxb7 Rxb7 20. Nb5 Nd6 21. Ra2 Qd7 22. Rfa1 Ra8 23. b3 h5 24. h4 f5 25. Nxd6 exd6 26. Kg2 f4 27. Bf2 Rf8 28. a5 fxg3 29. Bxg3 bxa5 30. Rxa5 Bf6 31. Ra6 Qe7 32. Qe1 Kh7 33. Ra8 Rf7 34. R8a6 g5 35. hxg5 Bxg5 36. Rc6 Rg7 37. Kh2 h4 38. Bf2 Bf4+ 39. Kh1 Bg3 40. Raa6 Rd7 41. Qf1 Qf6 42. Qg2 Bxf2 43. Qxf2 Rg3 44. Qh2 Qxf3+ 0-1


[Site "https://www.chess.com"]

[Event "Titled Tuesday Blitz January 31 Late 2023"]
[White "Fernandez Siles, Luis"]
[Black "Fiorito, Francisco"]
[WhiteFideId "2209420"]
[BlackFideId "180165"]
[WhiteElo "2218"]
[BlackElo "2305"]
[Result "1-0"]
[Round "05"]
[TimeControl "180+2"]
[Date "2023.01.31"]
[WhiteClock "0:00:25"]
[BlackClock "0:00:11"]

1. d4 Nf6 2. c4 b6 3. Nc3 Bb7 4. Qc2 d5 5. cxd5 Nxd5 6. e4 Nxc3 7. bxc3 e6 8. Nf3 c5 9. Bb5+ Bc6 10. Bd3 Be7 11. O-O O-O 12. a4 Nd7 13. d5 exd5 14. exd5 Bxd5 15. Bxh7+ Kh8 16. Be4 Nf6 17. Bxd5 Qxd5 18. Re1 Bd6 19. Bg5 Nh7 20. Rad1 Qc6 21. Be7 Bxe7 22. Rxe7 Qf6 23. Rde1 Rfd8 24. Ne5 Ng5 25. h4 Kg8 26. Nd7 Nf3+ 27. gxf3 Qxh4 28. Qf5 f6 29. Qg6 Qg5+ 30. Qxg5 fxg5 31. R1e6 Kh7 32. Nf6+ Kg6 33. Ng4+ Kh7 34. Nf6+ Kg6 35. Nd5+ Kf5 36. c4 Rh8 37. Re5+ Kg6 38. R7e6+ Kf7 39. Re7+ Kg6 40. Kg2 Rh4 41. Rd7 Rxc4 42. Rd6+ Kh7 43. Rxg5 Rf8 44. Rd7 Rd4 45. Rdxg7+ Kh6 46. Ne3 Rdf4 47. Ng4+ Rxg4+ 48. fxg4 Rf6 49. f3 a6 50. Rg8 b5 51. Rh5# 1-0


[Site "https://www.chess.com"]